 Dungeon Crawl Stone Soup version 0.26.0-16-gc1dbca0489 (webtiles) character file.

Game seed: 11224581983510258149

57 littlecub the Skirmisher (level 3, -1/30 HPs)
             Began as a Demonspawn Fighter on Jan 19, 2021.
             Killed from afar by Sigmund (5 damage)
             ... with a puff of flame
             ... on level 2 of the Dungeon.
             The game lasted 00:02:27 (1917 turns).

littlecub the Skirmisher (Demonspawn Fighter)       Turns: 1917, Time: 00:02:28

Health: -1/30      AC: 11    Str: 17    XL:     3   Next: 73%
Magic:  3/3        EV:  7    Int:  9    God:
Gold:   90         SH:  9    Dex: 12    Spells: 2/2 levels left

rFire    . . .     SeeInvis .   a - +0 flail
rCold    . . .     Faith    .   c - +0 kite shield
rNeg     . . .     Spirit   .   b - +0 scale mail
rPois    .         Reflect  .   (no helmet)
rElec    .         Harm     .   j - +0 cloak
rCorr    .         Rampage  .   f - +0 pair of gloves
Will     .....                  (no boots)
Stlth    ..........             q - amulet of inaccuracy (curse)
HPRegen  0.10/turn              (no ring)
MPRegen  0.08/turn              (no ring)

@: mighty
A: hooves 1, icy blue scales 1
a: no special abilities


You were on level 2 of the Dungeon.
You visited 1 branch of the dungeon, and saw 2 of its levels.

You collected 90 gold pieces.

Inventory:

Hand Weapons
 a - a +0 flail (weapon)
Armour
 b - a +0 scale mail (worn)
 c - a +0 kite shield (worn)
 f - a +0 pair of gloves (worn)
 j - a +0 cloak (worn)
Jewellery
 q - a cursed amulet of inaccuracy (around neck)
Scrolls
 e - a scroll of immolation {unknown}
 h - 4 scrolls of remove curse {unknown}
 i - a scroll of random uselessness {unknown}
 l - a scroll of magic mapping {unknown}
 m - 5 scrolls of identify {unknown}
 o - 3 scrolls of teleportation {unknown}
 r - a scroll of enchant weapon {unknown}
Potions
 g - a potion of degeneration {unknown}
 k - a potion of attraction {unknown}
 n - 2 potions of heal wounds {unknown}
 p - a potion of cancellation {unknown}


   Skills:
 * Level 3.6 Fighting
 * Level 2.5 Maces & Flails
 + Level 3.0 Armour
 + Level 3.0 Shields


You had 2 spell levels left.
You didn't know any spells.
Your spell library was empty.

Dungeon Overview and Level Annotations

Branches:
Dungeon (2/15)

Altars:

Annotations:
D:2 Sigmund


Innate Abilities, Weirdness & Mutations

You have large cloven feet.
You are partially covered in icy blue scales. (AC +2)


Message History

No target in view!
No target in view!
No target in view!
You feel very mighty all of a sudden. Something hits you.
You miss something. Your kick misses something. Something hits you.
You miss something. You miss something. You kick something.
You hear some strange, mumbled words.
Something tries to affect you, but you resist.
Something hits you!
You completely miss something. Your kick misses something. You miss something.
Something hits you!
* * * LOW HITPOINT WARNING * * *
You miss something. You block something's attack.
You barely miss something. Your kick misses something.
You hear some strange, mumbled words.
A puff of flame appears from out of thin air!
The puff of flame hits you.
You die...

#........#..######§#.
#.#.#.#..#..##...§§§§
#.#.........##.##P§§§
#.#.#.#...........§§§
###.#.#.##.#####.#.§§≈≈
#......(............≈≈≈
#.#.#.#.##.#####.##.≈.≈
#.#.#.#.##.# #.#.....
#.#.#.@{##.#####)#..###
#.#.######.#.......##
#.#........#.###.###
#.########.#.# #.# #.#
###.#.###.###### #.#
#..≈............
#.######.≈≈≈...########
#........≈≈≈...#
#.#####.P≈≈≈≈..#


There were no monsters in sight!

Vanquished Creatures
  An adder zombie (D:2)
  A worm (D:2)
  A dart slug (D:1)
  A leopard gecko (D:1)
  6 bats
  A bat skeleton (D:2)
  A bat zombie (D:2)
  4 hobgoblins
  4 jackals (D:1)
  6 kobolds
  2 quokkas (D:2)
  2 ball pythons
  3 frilled lizards
  A giant cockroach zombie (D:2)
  5 goblins
  A leopard gecko skeleton (D:2)
  A quokka zombie (D:2)
  4 rats
45 creatures vanquished.

Vanquished Creatures (others)
  A withered plant (D:2)
1 creature vanquished.

Grand Total: 46 creatures vanquished

Notes
Turn   | Place    | Note
-------+----------+-------------------------------------------
     0 | D:1      | littlecub the Demonspawn Fighter began the quest for the
                  | Orb.
     0 | D:1      | Reached XP level 1. HP: 18/18 MP: 1/1
   274 | D:1      | Gained mutation: You have large cloven feet. [demonic
                  | ancestry]
   274 | D:1      | Reached XP level 2. HP: 24/24 MP: 2/2
  1087 | D:2      | Gained mutation: You are partially covered in icy blue
                  | scales. (AC +2) [demonic ancestry]
  1087 | D:2      | Reached XP level 3. HP: 29/29 MP: 3/3
  1907 | D:2      | Noticed Sigmund
  1917 | D:2      | Killed from afar by Sigmund

Illustrated notes

Levels and vault maps discovered:
D:1:      dpeg_arrival_stone_temple_mockup, layout_basic
D:2:      layout_basic, serial_undead, serial_undead_f, serial_undead_f,
          serial_undead_d, serial_undead_f, serial_undead_f, serial_undead_f,
          uniq_sigmund

Skill      XL: |  1  2  3 |
---------------+----------+-----
Maces & Flails | 2 |  2.5
Armour         | 3 |  3.0
Shields        | 3 |  3.0
Fighting       | |  3.6

Action                   || total
-------------------------++-------
Melee: Flail             ||   200
       Kick              ||    25
  Use: Potion            ||     1
Armor: Scale mail        ||   141
Dodge: Dodged            ||    58
Block: Kite shield       ||   125
